 Dungeon Crawl Stone Soup version 0.29-a0-284-gf9362112df (webtiles) character file.

Game seed: 467620631947994951

28 silky the Skirmisher (level 3, -11/34 HPs)
             Began as a Minotaur Chaos Knight on Mar 30, 2022.
             Was a Plaything of Xom.
             Mangled by a troll (shapeshifter) (14 damage)
             ... on level 2 of the Dungeon.
             The game lasted 00:02:51 (1022 turns).

silky the Skirmisher (Minotaur Chaos Knight)        Turns: 1022, Time: 00:02:51

Health: -11/34     AC:  6    Str: 16    XL:     3   Next: 0%
Magic:  2/2        EV: 10    Int:  7    God:    Xom [......]
Gold:   116        SH:  0    Dex:  9    Spells: 2/2 levels left

rFire   . . .      SeeInvis .   a - +1 mace (chaos)
rCold   . . .      Faith    .   (no shield)
rNeg    . . .      Spirit   .   d - +0 ring mail
rPois   .          Reflect  .   (helmet restricted)
rElec   .          Harm     .   i - +0 cloak
rCorr   .          Rampage  .   (no gloves)
Will    .....                   (no boots)
Stlth   ..........              (no amulet)
HPRegen 0.11/turn               (no ring)
MPRegen 0.08/turn               (no ring)

@: no status effects
A: horns 2, retaliatory headbutt, dopey 1, weak 1
a: Renounce Religion


You were on level 2 of the Dungeon.
You worshipped Xom.
You were a very special plaything of Xom.
You visited 1 branch of the dungeon, and saw 2 of its levels.

You collected 116 gold pieces.

Inventory:

Hand Weapons
 a - a +1 mace of chaos (weapon)
Armour
 d - a +0 ring mail (worn)
 i - a +0 cloak (worn)
Potions
 b - a potion of might {unknown}
 g - a potion of mutation {unknown}
 h - a potion of flight {unknown}
Miscellaneous
 c - a piece from Xom's chessboard (14/15) (quivered)


   Skills:
 + Level 4.3 Fighting
 + Level 4.1 Maces & Flails
 + Level 2.7 Armour
 + Level 1.2 Dodging


You had 2 spell levels left.
You didn't know any spells.
Your spell library was empty.

Dungeon Overview and Level Annotations

Branches:
Dungeon (2/15)

Altars:


Innate Abilities, Weirdness & Mutations

You have a pair of horns on your head.
You reflexively headbutt those who attack you in melee.
You are dopey. (Int -2)
You are weak. (Str -2)


Message History

You hit the ball python.
The ball python is severely wounded.
The adder bites you.
The frilled lizard bites you but does no damage.
The ball python bites you. The ball python grabs you.
The ball python constricts you.
You hit the frilled lizard.
You feel better.
You kill the frilled lizard!
The adder bites you but does no damage.
The ball python bites you but does no damage.
The ball python constricts you. The adder bites you. The ball python bites you.
The ball python constricts you.
You barely miss the ball python.
The ball python is severely wounded.
The adder closely misses you.
The ball python bites you but does no damage.
The ball python constricts you. The adder bites you but does no damage.
You sock the ball python! You burn the ball python.
You kill the ball python!
The adder closely misses you.
You have reached level 3!
Your experience leads to an increase in your attributes!
Your base attributes are Str 16, Int 9, Dex 9.
Increase (S)trength, (I)ntelligence, or (D)exterity?
You feel stronger. x2
You hit the adder.
The adder changes into a shapeshifter!
Your headbutt misses the shapeshifter.
The shapeshifter changes into a troll!
You hit the troll. You freeze the troll. You headbutt the troll!
The troll is moderately wounded.
The troll barely misses you. The troll misses you. The troll claws you.
You hit the troll but do no damage.
The troll easily resists.
Your headbutt misses the troll.
The troll is moderately wounded.
The troll bites you! The troll claws you but does no damage.
The troll claws you!
* * * LOW HITPOINT WARNING * * *
You make a move on Xom's chessboard...
The troll is moving more slowly.
The troll bites you!
You die...
Xom titters!

## ###. ....
#####.##.
#..##........
##...#<#
#....@.#
##...T.#
#.......
##.###### #.
#+


You could see a troll shaped shifter (petrifying).

Vanquished Creatures
  A gnoll (D:1)
  2 bats (D:1)
  3 endoplasms (D:1)
  4 goblins (D:1)
  A hobgoblin (D:1)
  A quokka (D:1)
  2 ball pythons
  2 frilled lizards
  A kobold (D:1)
  A rat (D:1)
18 creatures vanquished.

Notes
Turn   | Place    | Note
-------+----------+-------------------------------------------
     0 | D:1      | silky the Minotaur Chaos Knight began the quest for the
                  | Orb.
     0 | D:1      | Reached XP level 1. HP: 19/19 MP: 0/0
    25 | D:1      | Reached XP level 2. HP: 27/27 MP: 1/1
   209 | D:1      | Found a faded altar of an unknown god.
   222 | D:1      | XOM: 3-stop teleportation journey
   233 | D:1      | XOM: cloud trail
   385 | D:1      | XOM: summons 2 hostile demons
   400 | D:1      | XOM: 2-stop teleportation journey
   945 | D:1      | XOM: give mutations
   945 | D:1      | Gained mutation: You are dopey. (Int -2) [Xom's mischief]
   945 | D:1      | Gained mutation: You are weak. (Str -2) [Xom's mischief]
  1019 | D:2      | Reached XP level 3. HP: 25/34 MP: 2/2
  1019 | D:2      | Noticed a shapeshifter
  1019 | D:2      | an adder changed into a shapeshifter
  1019 | D:2      | Noticed a troll
  1019 | D:2      | a shapeshifter changed into a troll
  1022 | D:2      | Mangled by a troll (shapeshifter)

Illustrated notes

Levels and vault maps discovered:
D:1:      amcnicky_arrival_wind_blow, layout_basic,
          hellmonk_ecumenical_altar_heavens_door
D:2:      layout_loops_corners

Skill      XL: |  1  2 |
---------------+-------+-----
Fighting       | 4 |  4.3
Maces & Flails | 4 |  4.1
Armour         | |  2.7
Dodging        | |  1.2

Action                   || total
-------------------------++-------
Melee: Mace              ||    40
       Headbutt          ||     7
Evoke: Piece from Xom's  ||     1
  Use: Scroll            ||     1
       Potion            ||     1
Armor: Ring mail         ||    28
Dodge: Dodged            ||    21

Table legend: (Time is in decaauts)
 A = Elapsed time spent in this place.
 B = Non-inter-level travel time spent in this place.
 C = Inter-level travel time spent in this place.
 D = Time resting spent in this place.
 E = Time spent auto-exploring this place.
 F = Levels seen in this place.
 G = Mean time per level.
                   A        B        C        D        E       F      G
               +--------+--------+--------+--------+--------+-----+--------+
         Total |   1029 |   1020 |      9 |     30 |    733 |   2 |  514.5 |
       Dungeon |   1029 |   1020 |      9 |     30 |    733 |   2 |  514.5 |
               +--------+--------+--------+--------+--------+-----+--------+

Top non-repeatable levels by time:
     D:1: 1017 daAuts
     D:2: 12 daAuts
